 Dungeon Crawl Stone Soup version 0.21.0 (webtiles) character file.

788 MovingMist the Ducker (level 7, -1/55 HPs)
             Began as a Demonspawn Gladiator on Jan 6, 2018.
             Killed from afar by an orc wizard (6 damage)
             ... with a puff of flame
             ... on level 6 of the Dungeon.
             The game lasted 00:10:19 (5223 turns).

MovingMist the Ducker (Demonspawn Gladiator)        Turns: 5223, Time: 00:10:19

Health: -1/55      AC:  8    Str: 15    XL:     7   Next: 56%
Magic:  0/7        EV: 15    Int: 13    God:
Gold:   427        SH:  0    Dex: 15    Spells: 6/6 levels left

rFire    . . .     SeeInvis .   x - +4 hand axe
rCold    + + +     Gourm    .   (no shield)
rNeg     . . .     Faith    .   a - +1 leather armour of the Gate {rElec rC++ Int+3 Stlth+}
rPois    .         Spirit   +   c - +0 helmet
rElec    +         Reflect  .   w - +0 cloak
rCorr    .         Harm     .   (no gloves)
MR       .....                  (no boots)
Stlth    ++........             (no amulet)
HPRegen  0.18/turn              (no ring)
MPRegen  0.10/turn              (no ring)

@: lethally poisoned (-1 -> -7)
A: claws 1, thin metallic scales 1, cold resistance 1, magic shield, freezing
cloud immunity
a: no special abilities


You were on level 6 of the Dungeon.
You were not hungry.

You visited 2 branches of the dungeon, and saw 7 of its levels.

You collected 427 gold pieces.

Inventory:

Hand Weapons
 x - a +4 hand axe (weapon)
Missiles
 d - 2 throwing nets (quivered)
Armour
 a - the +1 leather armour of the Gate (worn) {rElec rC++ Int+3 Stlth+}
   (You found it on level 6 of the Dungeon)

   It affects your intelligence (+3).
   It greatly protects you from cold.
   It insulates you from electricity.
   It makes you more stealthy.
 c - a +0 helmet (worn)
 w - a +0 cloak (worn)
Jewellery
 y - a cursed -2 ring of protection {unknown}
Wands
 v - a wand of flame (29)
Scrolls
 h - a scroll of teleportation {unknown}
 j - 3 scrolls of enchant armour {unknown}
 k - 6 scrolls of identify
 l - a scroll of blinking {unknown}
 n - a scroll of remove curse {unknown}
 q - a scroll of amnesia {unknown}
 r - 4 scrolls of fear {unknown}
 u - 2 scrolls of immolation {unknown}
Potions
 b - 5 potions of curing {unknown}
 e - 2 potions of brilliance {unknown}
 g - a potion of berserk rage {unknown}
 i - a potion of resistance {unknown}
 m - 4 potions of mutation {unknown}
 o - 2 potions of heal wounds {unknown}
 p - a potion of lignification {unknown}
 s - a potion of invisibility {unknown}
 z - a potion of haste {unknown}
Comestibles
 f - 7 rations
 t - 3 chunks of flesh


   Skills:
 + Level 4.5 Fighting
 + Level 4.7 Axes
 - Level 1.7 Throwing
 * Level 6.1 Dodging


You had 6 spell levels left.
You didn't know any spells.

Dungeon Overview and Level Annotations

Branches:
Dungeon (6/15)             Temple (1/1) D:4

Altars:
Ashenzari
Fedhas
Gozag
Hepliaklqana
Kikubaaqudgha
Makhleb
Nemelex Xobeh
Qazlal
Ru
Sif Muna
Trog
Vehumet
Wu Jian
Xom
Yredelemnul
The Shining One


Innate Abilities, Weirdness & Mutations

You have sharp fingernails.
You are partially covered in thin metallic scales. (AC +2)
Your flesh is cold resistant. (rC+)
When hurt, damage is shared between your health and your magic reserves.
You are immune to freezing clouds.


Message History

The orc wizard casts a cantrip, but nothing happens.
A gnoll comes into view.
You barely miss the orc priest.
The orc priest is almost dead.
The gnoll shouts!
You hit the orc wizard.
You feel sick.
You hear a shout!
The orc wizard looks encouraged for a moment.
The orc priest invokes the aid of Beogh against you.
Beogh smites you!
* * * LOW HITPOINT WARNING * * *
You barely miss the orc priest.
The orc priest is almost dead.
You closely miss the orc wizard.
* * * LOW HITPOINT WARNING * * *
You feel sick. The orc wizard closely misses you.
The orc priest barely misses you.
The orc wizard gestures at you while chanting.
The puff of flame hits you!
You die...

.......#....##...##
.......##...##...##
.##....####'##....#
.########.........#
+##.. ..........#
..... ..........#
.... ..........# .#
##..###))## .#####
#.. #o@# ...... ...
#...o.....# .##..
.. #.........# .#
#.........# .#
#.........# .#
#..g......# .#
###...##.## .# ##
#...# .# .# ...


You could see an orc priest, an orc wizard and a gnoll.

Vanquished Creatures
  2 ogres
  A centaur (D:4)
  A gnoll sergeant (D:6)
  The ghost of Plasmagod the Shield-Bearer, a weakling BaFi of Ru (D:3)
  2 howler monkeys (D:5)
  An orc priest (D:6)
  A centaur skeleton (D:5)
  Crazy Yiuf (D:4)
  3 worker ants
  6 gnolls
  3 adders
  A shadow imp (D:6)
  An adder zombie (D:1)
  A worm (D:2)
  4 dart slugs
  6 leopard geckos
  13 orcs
  4 ball pythons
  2 giant cockroaches (D:4)
  5 goblins
  5 hobgoblins
  8 jackals (D:3)
  7 kobolds
  7 bats
  3 frilled lizards
  A giant cockroach zombie (D:1)
  A jackal skeleton (D:4)
  6 rats
  A bush (D:4)
  2 fungi (D:4)
100 creatures vanquished.

Vanquished Creatures (others)
  A bush (D:4)
1 creature vanquished.

Grand Total: 101 creatures vanquished

Notes
Turn   | Place    | Note
-------+----------+-------------------------------------------
     0 | D:1      | MovingMist the Demonspawn Gladiator began the quest for the Orb.
     0 | D:1      | Reached XP level 1. HP: 16/16 MP: 1/1
    50 | D:1      | Reached skill level 3 in Dodging
    50 | D:1      | Gained mutation: When hurt, damage is shared between your health and your magic reserves. [demonic ancestry]
    50 | D:1      | Reached XP level 2. HP: 22/22 MP: 2/2
   295 | D:1      | Gained mutation: Your flesh is cold resistant. (rC+) [demonic ancestry]
   295 | D:1      | Reached XP level 3. HP: 28/28 MP: 3/3
  1723 | D:3      | Reached XP level 4. HP: 34/34 MP: 4/4
  2068 | D:3      | Noticed Plasmagod's ghost (weakling BaFi)
  2084 | D:3      | Killed Plasmagod's ghost
  2084 | D:3      | Reached skill level 4 in Dodging
  2136 | D:3      | Gained mutation: You are partially covered in thin metallic scales. (AC +2) [demonic ancestry]
  2136 | D:3      | Reached XP level 5. HP: 30/41 MP: 5/5
  2400 | D:4      | Found a staircase to the Ecumenical Temple.
  2445 | Temple   | Entered the Ecumenical Temple
  2775 | D:4      | Found a runed door.
  2779 | D:4      | Noticed Crazy Yiuf
  2791 | D:4      | Killed Crazy Yiuf
  2879 | D:4      | Found a blossoming altar of Fedhas.
  2885 | D:4      | Noticed a centaur
  2991 | D:4      | Killed a centaur
  3508 | D:4      | Gained mutation: You are immune to freezing clouds. [demonic ancestry]
  3508 | D:4      | Reached XP level 6. HP: 34/47 MP: 6/6
  3596 | D:4      | Reached skill level 5 in Dodging
  3683 | D:5      | Entered Level 5 of the Dungeon
  3789 | D:5      | Found an opulent altar of Gozag.
  4073 | D:5      | Gained mutation: You have sharp fingernails. [demonic ancestry]
  4073 | D:5      | Reached XP level 7. HP: 19/54 MP: 1/7
  4547 | D:5      | Found a shimmering altar of Xom.
  4553 | D:5      | Found a shattered altar of Ashenzari.
  5000 | D:6      | Got a shimmering leather armour
  5002 | D:6      | Identified the +1 leather armour of the Gate {rElec rC++ Int+3 Stlth+} (You found it on level 6 of the Dungeon)
  5061 | D:6      | Reached skill level 6 in Dodging
  5223 | D:6      | Killed from afar by an orc wizard

Skill      XL: |  1  2  3  4  5  6  7 |
---------------+----------------------+-----
Dodging        | 3 4 5 6 |  6.1
Axes           | 3 4 |  4.7
Fighting       | 3 4 |  4.5
Throwing       | |  1.7

Action                   |  1- 3 |  4- 6 |  7- 9 || total
-------------------------+-------+-------+-------++-------
Melee: War axe           |   123 |   161 |       ||   284
       Hand axe          |       |    22 |    49 ||    71
Throw: Throwing net      |       |     1 |       ||     1
  Use: Scroll            |       |       |     1 ||     1
  Eat: Chunk             |     3 |     4 |     4 ||    11
       Ration            |       |     1 |       ||     1
Armor: Leather armour    |     6 |       |    14 ||    20
       Ring mail         |    55 |       |       ||    55
       Scale mail        |     4 |    17 |       ||    21
       Plate armour      |       |   110 |    11 ||   121
Dodge: Dodged            |    99 |    83 |    40 ||   222
